Elbereth, lawful female human Valkyrie ---- ... --..| ..... |...| ....<.. ---.-.| .........- |.....------........--- ---.--..............|...-- .....|---------...------(.-- ....-| |.).-- |...| .....-- --...-- |...| ..%%.-- --...-- ---.| -..[.---- --...-- --- |@...%?.-- --...-- ----.....| |...*| |^...-- ---....----- ------ |...--^....-- |..----.....| --- --...-- --.-- --- Elbereth the Skirmisher Experience level: 5 Strength: 18 Dexterity: 14 Constitution: 15 Intelligence: 9 Wisdom: 9 Charisma: 12 Health: 0(42) Energy: 13(14) Def: 5 Gold: 428 Moves: 2271 Dungeon seed: 77Pucmu2B4Yv7FeY Game ID: Elbereth_1607788544 Your Inventory: Coins $ - 428 gold pieces Weapons a - a +0 long sword (weapon in hand) b - a +0 dagger Armor e - an uncursed +0 small shield (being worn) n - an uncursed +0 scale mail (being worn) Comestibles c - 4 uncursed food rations Potions g - an uncursed potion of water Rings i - an uncursed ring of sustain ability (on left hand) o - an uncursed ring of stealth (on right hand) Wands k - a wand of cancellation (0:0) Tools s - a +0 pick-axe Spells and supernatural/magical abilities: Name Level Category Fail Memory W - pray for help -- divine ? -- Your skills at the end: Fighting Skills Weapon Skills dagger [Basic] long sword [Basic] Spellcasting Skills Final Attributes: You were piously aligned. You were cold resistant. You were stealthy. You had fixed abilities. You are dead. Vanquished creatures: 3 gnome lords a gnomish wizard a red naga hatchling a paper golem a baby crocodile a kobold lord 2 hill orcs a giant bat 3 iguanas 2 coyotes a hobgoblin a giant rat a green mold 10 gnomes a garter snake 2 geckos 3 jackals a fox 3 grid bugs 2 lichens a kobold zombie 2 newts 44 creatures vanquished. Voluntary challenges: You used a wielded weapon 67 times, starting on turn 79. You read items or engraved 4 times, starting on turn 483. You never genocided any monsters. You never polymorphed an object. You never changed form. You used no wishes. You never split a pudding. You never wrote Elbereth's name. You never violated your personal moral code. Dungeon overview: The Dungeons of Doom: levels 1 to 3 Level 1 a fountain a long staircase Level 2 Level 3 a general store stairs to The Gnomish Mines The Gnomish Mines: levels 4 to 5 Level 4 stairs to The Dungeons of Doom Level 5 <- You were here History has recorded: On T:1 you entered the Dungeons of Doom to retrieve the Amulet of Yendor! On T:502 you reached level 2 of The Dungeons of Doom. On T:987 you reached level 3 of The Dungeons of Doom. On T:1054 you advanced to experience level 2. On T:1459 you reached level 1 of The Gnomish Mines. On T:1469 you advanced to experience level 3. On T:1509 you advanced to experience level 4. On T:1872 you advanced to experience level 5. On T:2128 you reached level 2 of The Gnomish Mines. Score breakdown: Gold: 428 ( 8954 points) Experience: 5 levels (11141 points) Exploration: 5 levels ( 10.00%) ( 8571 points) Discoveries: 5 items ( 2.03%) ( 4276 points) Valuables value: (no points given unless you survive) Artifact value: 0 ( 0 points) Variety of kills: 22 monsters ( 5.77%) ( 7208 points) Turncount: 2271 turns ( -188 points) Survival: died (score multiplied by 80%) Total score: 31969 Latest messages: The hobgoblin wields a scimitar! You kill the gnome! You miss the hobgoblin. The hobgoblin swings her scimitar. The hobgoblin hits! You kill the hobgoblin! You hear a nearby zap. The magic missile hits you! There are a few objects here. (2x) The gnome lord zaps a brass wand! The magic missile hits you! You hit the gnome lord! The gnome lord zaps a wand of magic missile! The magic missile hits you! You miss the gnome. The gnome hits! You hit the gnome. You feel more confident in your weapon skills. You kill the gnome! You hear a nearby zap. The magic missile hits you! You die... Final status: Farvel Elbereth the Valkyrie, killed by a magic missile... You died in The Gnomish Mines on dungeon level 5 with 31969 points, and 428 pieces of gold, after 2271 moves. You were level 5 with a maximum of 42 hit points when you died.